PBL
PORTLAND ANGELS @ KELOWNA HEAT
05/25/2045
 
TOP OF THE 1ST
Portland Angels batting - Pitching for Kelowna Heat : RHP Pat Wiggins
Pitching: RHP Pat Wiggins
Batting: RHB Nick Lombardo 0-0: Called Strike
0-1: Ball
1-1: Swinging Strike
1-2: Foul Ball, location: 2F
1-2: Ball
2-2: Fly out, F9 (Flyball, 9LD, EV 100.6 MPH)
Batting: RHB Daniel Molina 0-0: Called Strike
0-1: Called Strike
0-2: Ball
1-2: Foul Ball, location: 2F
1-2: Ground out 5-3 (Groundball, 56, EV 90.6 MPH)
Batting: LHB Jonathon Walton 0-0: Ball
1-0: Foul Ball, location: 2F
1-1: SOLO HOME RUN (Flyball, 9D, EV 98.8 MPH), Distance : 379 ft
Batting: LHB Dave Hicks 0-0: Called Strike
0-1: Hit by Pitch, AND HE CHARGES THE MOUND! The benches clear!
Pitching: RHP Tim Roof
Pinch Runner at 1st Dan Myers:
Batting: RHB Josh Faulconer 0-0: Called Strike
0-1: Foul Ball, location: 2F
0-2: Ball
1-2: Ball
2-2: SINGLE (Line Drive, 78S, EV 89.4 MPH)
Dan Myers to second
Runner from 2nd tries for 3rd, OUT! 7-5
Top of the 1st over - 1 run, 2 hits, 0 errors, 1 left on base; Portland 1 - Kelowna 0
BOTTOM OF THE 1ST
Kelowna Heat batting - Pitching for Portland Angels : LHP Alberto Carrillo
Pitching: LHP Alberto Carrillo
Batting: RHB Ryan Bentz 0-0: Ball
1-0: Foul Ball, location: 2F
1-1: Ground out 6-3 (Groundball, 6, EV 88.8 MPH)
Batting: RHB Miguel Gonzalez 0-0: Called Strike
0-1: Ball
1-1: Ball
2-1: Called Strike
2-2: Ball
3-2: Base on Balls
Batting: RHB Frank Pena 0-0: Ball
1-0: Ball
2-0: Called Strike
2-1: Foul Ball, location: 2F
2-2: Ball
Wild Pitch!
Miguel Gonzalez to second
3-2: Base on Balls
Batting: RHB Troy Trice 0-0: Called Strike
0-1: Ball
Miguel Gonzalez steals 3rd base
1-1: SINGLE (Groundball, 13S, EV 65.6 MPH) (infield hit)
Frank Pena to second
Batting: RHB Brian Rogers 0-0: Fielders Choice at 2nd, 6-4 (Groundball, 6M, EV 77.5 MPH)
Miguel Gonzalez scores
Frank Pena to third
Batting: RHB Tony Harper 0-0: DOUBLE (Line Drive, 78D, EV 102.5 MPH)
Frank Pena scores
Brian Rogers to third
Runner from 3rd tries for Home, SAFE, throw by CF to trailing runner, SAFE at third!
Batting: LHB Mason Duffy 0-0: Ground out 4-3 (Groundball, 4, EV 106.2 MPH)
Bottom of the 1st over - 3 runs, 2 hits, 0 errors, 1 left on base; Portland 1 - Kelowna 3
TOP OF THE 2ND
Portland Angels batting - Pitching for Kelowna Heat : RHP Tim Roof
Batting: RHB Ricky Mejicanos 0-0: Ball
1-0: Called Strike
1-1: Ball
2-1: Ball
3-1: DOUBLE (Line Drive, 7LS, EV 110.6 MPH)
Batting: RHB Timoleon Tsikouna 0-0: Ball
Wild Pitch!
Ricky Mejicanos to third
1-0: Ball
2-0: Called Strike
2-1: Foul Ball, location: 2F
2-2: Ground out 4-3 (Groundball, 34D, EV 102.5 MPH)
Ricky Mejicanos scores
Batting: RHB Carlos Gonzales 0-0: SINGLE (Flyball, 9LS, EV 100.0 MPH)
Batting: RHB Peter Westover 0-0: Grounds into double play, 6-4-3 (Groundball, 6, EV 85.6 MPH)
Top of the 2nd over - 1 run, 2 hits, 0 errors, 0 left on base; Portland 2 - Kelowna 3
BOTTOM OF THE 2ND
Kelowna Heat batting - Pitching for Portland Angels : LHP Alberto Carrillo
Batting: RHB Malik Sharpless 0-0: Bunted foul
0-1: Ball
1-1: Ground out 5-3 (Groundball, 6MS, EV 75.6 MPH)
Batting: RHB Josh Truell 0-0: Foul Ball, location: 2F
0-1: Ball
1-1: Ball
2-1: Ball
3-1: Base on Balls
Batting: RHB Ryan Bentz 0-0: Called Strike
0-1: Fly out, F8 (Line Drive, 8RM, EV 91.9 MPH)
Batting: RHB Miguel Gonzalez 0-0: Ball
1-0: Ball
2-0: Called Strike
2-1: Swinging Strike
2-2: Fly out, F8 (Flyball, 89M, EV 92.5 MPH)
Bottom of the 2nd over - 0 runs, 0 hits, 0 errors, 1 left on base; Portland 2 - Kelowna 3
TOP OF THE 3RD
Portland Angels batting - Pitching for Kelowna Heat : RHP Tim Roof
Batting: RHB Nick Lombardo 0-0: Ball
1-0: Called Strike
1-1: Ball
2-1: SINGLE (Flyball, 9, EV 93.1 MPH)
Batting: RHB Daniel Molina 0-0: Ball
1-0: Fly out, F9 (Flyball, 9S, EV 87.5 MPH)
Batting: LHB Jonathon Walton 0-0: Ball
Nick Lombardo steals 2nd base
1-0: Ball
2-0: Ball
Passed Ball!
Nick Lombardo to third
3-0: Called Strike
3-1: Base on Balls
Batting: RHB Dan Myers 0-0: Ball
1-0: Ball
2-0: Called Strike
Jonathon Walton steals 2nd base
2-1: Ground out 4-3 (Groundball, 4, EV 87.5 MPH)
Nick Lombardo scores
Jonathon Walton to third
Batting: RHB Josh Faulconer 0-0: Ball
1-0: Foul Ball, location: 2F
1-1: Ground out 6-3 (Groundball, 6, EV 80.6 MPH)
Top of the 3rd over - 1 run, 1 hit, 0 errors, 1 left on base; Portland 3 - Kelowna 3
BOTTOM OF THE 3RD
Kelowna Heat batting - Pitching for Portland Angels : LHP Alberto Carrillo
Batting: RHB Frank Pena 0-0: Fly out, F9 (Flyball, 89S, EV 79.4 MPH)
Batting: RHB Troy Trice 0-0: Foul Ball, location: 2F
0-1: Ball
1-1: Fly out, F9 (Flyball, 9S, EV 75.0 MPH)
Batting: RHB Brian Rogers 0-0: Ball
1-0: Called Strike
1-1: Ball
2-1: Ball
3-1: Called Strike
3-2: Fly out, F4 (Flyball, 4D, EV 87.5 MPH)
Bottom of the 3rd over - 0 runs, 0 hits, 0 errors, 0 left on base; Portland 3 - Kelowna 3
TOP OF THE 4TH
Portland Angels batting - Pitching for Kelowna Heat : RHP Tim Roof
Batting: RHB Ricky Mejicanos 0-0: Foul Ball, location: 2F
0-1: Swinging Strike
0-2: Strikes out swinging
Batting: RHB Timoleon Tsikouna 0-0: Called Strike
0-1: Ball
1-1: Ground out 6-3 (Groundball, 6, EV 87.5 MPH)
Batting: RHB Carlos Gonzales 0-0: Ball
1-0: Swinging Strike
1-1: SINGLE (Groundball, 34D, EV 104.4 MPH)
Batting: RHB Peter Westover 0-0: Ball
Passed Ball!
Carlos Gonzales to second
1-0: Foul Ball, location: 2F
1-1: Foul Ball, location: 2F
1-2: Foul Ball, location: 2F
1-2: Ball
2-2: Ground out 3-1 (Groundball, 34S, EV 85.6 MPH)
Top of the 4th over - 0 runs, 1 hit, 0 errors, 1 left on base; Portland 3 - Kelowna 3
BOTTOM OF THE 4TH
Kelowna Heat batting - Pitching for Portland Angels : LHP Alberto Carrillo
Batting: RHB Tony Harper 0-0: Ball
1-0: Called Strike
1-1: Ball
2-1: Foul Ball, location: 2F
2-2: Fly out, F9 (Flyball, 89D, EV 92.5 MPH)
Batting: LHB Mason Duffy 0-0: Called Strike
0-1: Ground out 6-3 (Groundball, 6, EV 80.6 MPH)
Batting: RHB Malik Sharpless 0-0: SINGLE (Line Drive, 4MD, EV 98.1 MPH)
Batting: RHB Josh Truell 0-0: Called Strike
0-1: Ball
1-1: Ball
2-1: Swinging Strike
2-2: Ball
Malik Sharpless is caught stealing 2nd base 2-4
Bottom of the 4th over - 0 runs, 1 hit, 0 errors, 0 left on base; Portland 3 - Kelowna 3
TOP OF THE 5TH
Portland Angels batting - Pitching for Kelowna Heat : RHP Tim Roof
Batting: RHB Nick Lombardo 0-0: Fly out, F7 (Flyball, 7, EV 93.8 MPH)
Batting: RHB Daniel Molina 0-0: Called Strike
0-1: SOLO HOME RUN (Line Drive, 7D, EV 101.2 MPH), Distance : 390 ft
Pitching: RHP Kyle Rindels
Batting: LHB Jonathon Walton 0-0: Ball
1-0: Ball
2-0: Ball
3-0: Base on Balls
Batting: RHB Dan Myers 0-0: Ball
1-0: Called Strike
Jonathon Walton steals 2nd base
1-1: Swinging Strike
1-2: Strikes out swinging
Batting: RHB Josh Faulconer 0-0: SINGLE (Groundball, 6MD, EV 101.2 MPH)
Jonathon Walton to third
Runner from 3rd tries for Home, SAFE, throw by CF to home
Josh Faulconer to second
Batting: RHB Ricky Mejicanos 0-0: Called Strike
0-1: Foul Ball, location: 2F
0-2: SINGLE (Groundball, 6MD, EV 96.2 MPH)
Josh Faulconer to third
Runner from 3rd tries for Home, SAFE, throw by CF to home
Batting: RHB Timoleon Tsikouna 0-0: Ball
1-0: Ball
2-0: Swinging Strike
2-1: Foul Ball, location: 2F
2-2: Strikes out looking
Top of the 5th over - 3 runs, 3 hits, 0 errors, 1 left on base; Portland 6 - Kelowna 3
BOTTOM OF THE 5TH
Kelowna Heat batting - Pitching for Portland Angels : LHP Alberto Carrillo
Batting: RHB Josh Truell 0-0: Foul Ball, location: 2F
0-1: Foul Ball, location: 2F
0-2: Foul Ball, location: 2F
0-2: Fly out, F8 (Line Drive, 8LM, EV 89.4 MPH)
Pitching: RHP Rory Cobb
Batting: RHB Ryan Bentz 0-0: Ball
1-0: Ball
2-0: Called Strike
2-1: Ball
3-1: Called Strike
3-2: Base on Balls
Batting: RHB Miguel Gonzalez 0-0: Called Strike
Ryan Bentz steals 2nd base
0-1: Ball
1-1: Ball
2-1: Ball
3-1: Base on Balls
Batting: RHB Frank Pena 0-0: Ball
1-0: Ball
2-0: Called Strike
2-1: Ball
3-1: Base on Balls
Ryan Bentz to third
Miguel Gonzalez to second
Batting: RHB Troy Trice 0-0: Fly out, F8 (Flyball, 8RD, EV 92.5 MPH)
Runner from 3rd tags up, SCORES, throw by CF
Miguel Gonzalez to third
Batting: RHB Brian Rogers 0-0: Called Strike
0-1: Ball
1-1: Ball
2-1: Ground out U3 (Groundball, 34S, EV 83.8 MPH)
Bottom of the 5th over - 1 run, 0 hits, 0 errors, 2 left on base; Portland 6 - Kelowna 4
TOP OF THE 6TH
Portland Angels batting - Pitching for Kelowna Heat : RHP Kyle Rindels
Batting: RHB Carlos Gonzales 0-0: Ball
1-0: Ball
2-0: Ball
3-0: Foul Ball, location: 2F
3-1: Foul Ball, location: 2F
3-2: Strikes out looking
Batting: RHB Peter Westover 0-0: Ball
1-0: Ball
2-0: Foul Ball, location: 2F
2-1: Ground out 5-3 (Groundball, 56S, EV 85.6 MPH)
Batting: RHB Nick Lombardo 0-0: Swinging Strike
0-1: Called Strike
0-2: Ball
1-2: Foul Ball, location: 2F
1-2: Ball
2-2: Foul Ball, location: 2F
2-2: Strikes out swinging
Top of the 6th over - 0 runs, 0 hits, 0 errors, 0 left on base; Portland 6 - Kelowna 4
BOTTOM OF THE 6TH
Kelowna Heat batting - Pitching for Portland Angels : RHP Rory Cobb
Batting: RHB Tony Harper 0-0: Swinging Strike
0-1: Ball
1-1: Ball
2-1: SINGLE (Groundball, 56D, EV 103.8 MPH)
Batting: LHB Mason Duffy 0-0: Ball
1-0: Ball
2-0: Called Strike
2-1: Ball
3-1: SINGLE (Groundball, 4MD, EV 104.4 MPH)
Tony Harper to second
Runner from 2nd tries for 3rd, SAFE, throw by CF made to third
Mason Duffy to second
Batting: RHB Malik Sharpless 0-0: Ball
1-0: Foul Ball, location: 2F
1-1: Foul Ball, location: 2F
1-2: Fly out, F7 (Line Drive, 7, EV 96.9 MPH)
Batting: RHB Josh Truell 0-0: Ball
1-0: Ball
2-0: Ball
3-0: Called Strike
3-1: Called Strike
3-2: Foul Ball, location: 2F
3-2: Foul Ball, location: 2F
3-2: Base on Balls
Batting: RHB Ryan Bentz 0-0: Ball
1-0: Foul Ball, location: 2F
1-1: DOUBLE (Line Drive, 9LS, EV 113.1 MPH)
Tony Harper scores
Mason Duffy scores
Josh Truell to third
Batting: RHB Miguel Gonzalez 0-0: Swinging Strike
0-1: Called Strike
0-2: Foul Ball, location: 2F
0-2: Ball
1-2: SINGLE (Line Drive, 9S, EV 84.4 MPH)
Josh Truell scores
Ryan Bentz to third
Batting: RHB Frank Pena 0-0: Ball
Pickoff Throw to First - Error! E1
Ryan Bentz scores
Miguel Gonzalez to second
1-0: Intentional Walk
Batting: RHB Troy Trice 0-0: Ball
1-0: Called Strike
1-1: Ball
2-1: Foul Ball, location: 2F
2-2: Ball
3-2: Fly out, F8 (Flyball, 8RXD, EV 100.6 MPH)
Runner from 2nd tags up, SAFE at 3rd, no throw by CF
Batting: RHB Brian Rogers 0-0: Swinging Strike
0-1: Ball
1-1: Foul Ball, location: 2F
1-2: Ball
2-2: Ball
3-2: Base on Balls
Frank Pena to second
Pitching: RHP Kyle Gray
Batting: RHB Tony Harper 0-0: Ball
1-0: Hit by Pitch
Miguel Gonzalez scores
Frank Pena to third
Brian Rogers to second
Batting: LHB Mason Duffy 0-0: Called Strike
0-1: Called Strike
0-2: Ball
1-2: Fly out, F3 (Line Drive, 3, EV 73.8 MPH)
Bottom of the 6th over - 5 runs, 4 hits, 1 error, 3 left on base; Portland 6 - Kelowna 9
TOP OF THE 7TH
Portland Angels batting - Pitching for Kelowna Heat : RHP Kyle Rindels
Pitching: RHP Danny MacKinnon
Batting: RHB Daniel Molina 0-0: Called Strike
0-1: Ball
1-1: Ball
2-1: Ball
3-1: Base on Balls
Batting: LHB Jonathon Walton 0-0: Hit by Pitch
Daniel Molina to second
Batting: RHB Dan Myers 0-0: Fly out, F8 (Flyball, 89D, EV 83.1 MPH)
Runner from 2nd tags up, OUT at 3rd! 8-5
Batting: RHB Josh Faulconer 0-0: Foul Ball, location: 2F
0-1: Ball
1-1: Ball
2-1: Ball
Jonathon Walton steals 2nd base
3-1: Swinging Strike
3-2: Foul Ball, location: 2F
3-2: Fly out, F7 (Flyball, 78D, EV 85.0 MPH)
Top of the 7th over - 0 runs, 0 hits, 0 errors, 1 left on base; Portland 6 - Kelowna 9
BOTTOM OF THE 7TH
Kelowna Heat batting - Pitching for Portland Angels : RHP Kyle Gray
Batting: RHB Malik Sharpless 0-0: Swinging Strike
0-1: Ball
1-1: Foul Ball, location: 2F
1-2: Foul Ball, location: 2F
1-2: Ball
2-2: Foul Ball, location: 2F
2-2: Ball
3-2: Ground out 4-3 (Groundball, 4, EV 91.2 MPH)
Batting: RHB Josh Truell 0-0: Ball
1-0: Ball
2-0: Fly out, F7 (Line Drive, 7D, EV 91.2 MPH)
Batting: RHB Ryan Bentz 0-0: Called Strike
0-1: Ball
1-1: Ball
2-1: Ball
3-1: Foul Ball, location: 2F
3-2: Foul Ball, location: 2F
3-2: Ground out 1-3 (Groundball, 13S, EV 66.2 MPH)
Bottom of the 7th over - 0 runs, 0 hits, 0 errors, 0 left on base; Portland 6 - Kelowna 9
TOP OF THE 8TH
Portland Angels batting - Pitching for Kelowna Heat : RHP Danny MacKinnon
Batting: RHB Ricky Mejicanos 0-0: Ball
1-0: Called Strike
1-1: DOUBLE (Line Drive, 89D, EV 106.9 MPH)
Batting: RHB Timoleon Tsikouna 0-0: Ball
1-0: Foul Ball, location: 2F
1-1: Called Strike
1-2: SINGLE (Groundball, 25, EV 65.0 MPH) (infield hit)
Ricky Mejicanos to third
Pinch Hitting: SHB Adrian Orosco 0-0: Ball
1-0: Ball
2-0: Called Strike
2-1: Ball
3-1: Base on Balls
Timoleon Tsikouna to second
Pinch Hitting: RHB Trevor Kingston 0-0: Called Strike
0-1: SINGLE (Line Drive, 9LS, EV 94.4 MPH)
Ricky Mejicanos scores
Timoleon Tsikouna to third
Adrian Orosco to second
Batting: RHB Nick Lombardo 0-0: Ball
Passed Ball!
Timoleon Tsikouna scores
Adrian Orosco to third
Trevor Kingston to second
1-0: Called Strike
1-1: Ball
2-1: Foul Ball, location: 2F
2-2: Strikes out swinging
Batting: RHB Daniel Molina 0-0: Ball
1-0: Ball
2-0: Called Strike
2-1: Ball
3-1: Base on Balls
Batting: LHB Jonathon Walton 0-0: Called Strike
0-1: SINGLE (Line Drive, 8RS, EV 98.1 MPH)
Adrian Orosco scores
Trevor Kingston to third
Daniel Molina to second
Runner from 3rd tries for Home, SAFE, throw by CF to home
Pitching: RHP Harry Dickson
Batting: RHB Dan Myers 0-0: Swinging Strike
0-1: Swinging Strike
0-2: Foul Ball, location: 2F
0-2: Strikes out swinging
Batting: RHB Josh Faulconer 0-0: Called Strike
0-1: Ball
Wild Pitch!
Daniel Molina to third
Jonathon Walton to second
1-1: Foul Ball, location: 2F
1-2: Ball
2-2: Ball
3-2: Fly out, F7 (Flyball, 78M, EV 87.5 MPH)
Top of the 8th over - 4 runs, 4 hits, 0 errors, 2 left on base; Portland 10 - Kelowna 9
BOTTOM OF THE 8TH
Kelowna Heat batting - Pitching for Portland Angels : RHP Kyle Gray
Now at 3B: Danny Gelinas
Now in CF: Areda Obote
Batting: RHB Miguel Gonzalez 0-0: Ball
1-0: Swinging Strike
1-1: Fly out, F7 (Line Drive, 7, EV 93.1 MPH)
Batting: RHB Frank Pena 0-0: SINGLE (Line Drive, 7LS, EV 107.5 MPH)
Batting: RHB Troy Trice 0-0: Ball
1-0: Fly out, F7 (Flyball, 78D, EV 88.1 MPH)
Runner from 1st tags up, SAFE at 2nd
Batting: RHB Brian Rogers 0-0: Fly out, F7 (Line Drive, 7, EV 84.4 MPH)
Bottom of the 8th over - 0 runs, 1 hit, 0 errors, 1 left on base; Portland 10 - Kelowna 9
TOP OF THE 9TH
Portland Angels batting - Pitching for Kelowna Heat : RHP Harry Dickson
Batting: RHB Ricky Mejicanos 0-0: Foul Ball, location: 2F
0-1: Ball
1-1: Ball
2-1: Foul Ball, location: 2F
2-2: Foul Ball, location: 2F
2-2: Foul Ball, location: 2F
2-2: Ground out 5-3 (Groundball, 5L, EV 85.0 MPH)
Batting: RHB Timoleon Tsikouna 0-0: Called Strike
0-1: Ball
1-1: Foul Ball, location: 2F
1-2: Ball
2-2: Ball
3-2: Base on Balls
Batting: RHB Areda Obote 0-0: Ball
1-0: Called Strike
Timoleon Tsikouna steals 2nd base
1-1: Intentional Walk
Batting: SHB Danny Gelinas 0-0: Ball
1-0: Called Strike
Timoleon Tsikouna steals 3rd base
1-1: Ball
2-1: Swinging Strike
2-2: Grounds into double play, 4-6-3 (Groundball, 4S, EV 86.2 MPH)
Top of the 9th over - 0 runs, 0 hits, 0 errors, 1 left on base; Portland 10 - Kelowna 9
BOTTOM OF THE 9TH
Kelowna Heat batting - Pitching for Portland Angels : RHP Kyle Gray
Batting: RHB Tony Harper 0-0: Called Strike
0-1: Ball
1-1: Ground out U3 (Groundball, 3L, EV 79.4 MPH)
Batting: LHB Mason Duffy 0-0: Ball
1-0: Ball
2-0: Ball
3-0: Called Strike
3-1: Base on Balls
Pinch Hitting: LHB Mike Roberts 0-0: SINGLE (Line Drive, 7LS, EV 85.6 MPH)
Mason Duffy to second
Batting: RHB Josh Truell 0-0: Ball
1-0: Ball
2-0: Called Strike
2-1: Ball
3-1: Foul Ball, location: 2F
3-2: Grounds into double play, 6-4-3 (Groundball, 6, EV 105.6 MPH)
Bottom of the 9th over - 0 runs, 1 hit, 0 errors, 1 left on base; Portland 10 - Kelowna 9
Wednesday, June 22nd , 2022 - OOTP Baseball 23.4 Build 64